 Dungeon Crawl Stone Soup version 0.21-a0-221-gfe971b9 (webtiles) character file.

842 Moloch the Poker (level 7, -1/52 HPs)
             Began as a Mummy Fighter on Aug 26, 2017.
             Slain by a sky beast (5 damage)
             ... on level 6 of the Dungeon.
             The game lasted 00:04:44 (2400 turns).

Moloch the Poker (Mummy Fighter)                    Turns: 2400, Time: 00:04:44

Health: -1/52      AC: 15    Str: 20    XL:     7   Next: 67%
Magic:  7/7        EV:  3    Int:  7    God:
Gold:   146        SH:  9    Dex: 13    Spells: 6/6 levels left

rFire    x . .     SeeInvis .   a - +0 trident
rCold    + . .     Gourm    .   c - +0 shield
rNeg     + + +     Faith    .   m - +0 plate armour (curse)
rPois    ∞         Spirit   .   f - +0 helmet
rElec    .         Reflect  .   (no cloak)
rCorr    .         Harm     .   e - +2 pair of gloves
MR       .....                  (no boots)
Stlth    ..........             (no amulet)
HPRegen  0.17/turn              h - ring of wizardry
MPRegen  0.10/turn              o - ring of stealth

@: no status effects
A: no food or potions, fire vulnerability, cold resistance 1, negative energy
resistance 3, torment resistance, unbreathing
a: no special abilities


You were on level 6 of the Dungeon.
You were not hungry.

You visited 1 branch of the dungeon, and saw 6 of its levels.

You collected 146 gold pieces.

Inventory:

Hand Weapons
 a - a +0 trident (weapon)
Armour
 c - a +0 shield (worn)
 e - a +2 pair of gloves (worn)
 f - a +0 helmet (worn)
 m - a cursed +0 plate armour (worn)
Jewellery
 h - a ring of wizardry (left hand)
 o - a ring of stealth (right hand)
Wands
 j - a wand of paralysis (5/24)
 l - a wand of digging (11/24)
Scrolls
 b - a scroll of silence {unknown}
 d - 5 scrolls of identify
 g - a scroll of immolation {unknown}
 i - 2 scrolls of remove curse {unknown}
 k - a scroll of recharging {unknown}
 n - a scroll of enchant armour {unknown}


   Skills:
 - Level 3.0 Fighting
 + Level 7.4 Polearms
 - Level 2.4 Armour
 - Level 2.4 Shields
 - Level 0.2 Evocations


You had 6 spell levels left.
You didn't know any spells.

Dungeon Overview and Level Annotations

Branches:
Dungeon (7/15)
 Temple: D:4-7

Altars:
Makhleb
Nemelex Xobeh

Portals:
Sewer: D:6


Innate Abilities, Weirdness & Mutations

You do not eat or drink.
Your flesh is vulnerable to fire.
You are immune to poison.
Your flesh is cold resistant. (rC+)
You are immune to negative energy. (rN+++)
You are immune to unholy pain and torment.
You can survive without breathing.


Message History

You are too injured to fight recklessly!
You are too injured to fight recklessly!
You are too injured to fight recklessly!
You are too injured to fight recklessly!
You miss something. Something hits you. Something shocks you.
You miss something. Something hits you. Something shocks you.
* * * LOW HITPOINT WARNING * * *
You closely miss something. Something hits you.
* * * LOW HITPOINT WARNING * * *
Something shocks you.
* * * LOW HITPOINT WARNING * * *
You closely miss something. Something hits you but does no damage.
You miss something. Something hits you but does no damage.
You miss something. Something hits you but does no damage.
Your plate armour prevents you from hitting something.
Something hits you but does no damage.
You miss something. Something hits you.
* * * LOW HITPOINT WARNING * * *
Something shocks you.
You die...

#...†..[..#.....#
####....#.....(.#
### #............#
#.. #..#.........#
#.# ##....#......#
#.# ##.#.#.#######
#.#
#.#r#.%.....######.#
#.#{#######.........
#(#@# ########.#
#......<... ..#
###.####### ### #.#
#.# ..# ###


You could see a river rat.

Vanquished Creatures
  Grinder (D:3)
  An orc warrior (D:6)
  A black bear (D:7)
  A bullfrog (D:6)
  A hound (D:2)
  An orc priest (D:4)
  A jelly (D:6)
  2 orc wizards
  Natasha (thrice) (D:3)
  A worker ant (D:4)
  Terence (D:3)
  5 adders
  2 oozes
  A worm (D:2)
  2 dart slugs
  A leopard gecko (D:1)
  13 orcs
  9 bats
  2 giant cockroaches
  8 goblins
  5 hobgoblins
  12 kobolds
  A quokka (D:2)
  A frilled lizard (D:2)
  A leopard gecko skeleton (D:4)
  A quokka zombie (D:6)
  5 rats
83 creatures vanquished.

Notes
Turn   | Place    | Note
-------+----------+-------------------------------------------
     0 | D:1      | Moloch the Mummy Fighter began the quest for the Orb.
     0 | D:1      | Reached XP level 1. HP: 18/18 MP: 1/1
    54 | D:1      | Reached skill level 2 in Polearms
    81 | D:1      | Reached XP level 2. HP: 16/24 MP: 2/2
   610 | D:2      | Reached skill level 3 in Polearms
   610 | D:2      | Reached XP level 3. HP: 29/29 MP: 3/3
   744 | D:2      | You fall through a shaft for 2 floors!
   804 | D:4      | Reached XP level 4. HP: 34/35 MP: 4/4
   865 | D:3      | Reached skill level 4 in Polearms
  1091 | D:2      | Reached XP level 5. HP: 41/41 MP: 5/5
  1259 | D:2      | Found a burning altar of Makhleb.
  1356 | D:3      | Found a faded altar of an unknown god.
  1396 | D:3      | Noticed Natasha
  1403 | D:3      | Killed Natasha
  1469 | D:3      | Noticed Natasha
  1474 | D:3      | Killed Natasha
  1474 | D:3      | Reached skill level 5 in Polearms
  1537 | D:3      | Noticed Natasha
  1545 | D:3      | Killed Natasha
  1561 | D:3      | Noticed Grinder
  1563 | D:3      | Noticed Terence
  1578 | D:3      | Killed Grinder
  1578 | D:3      | Reached skill level 6 in Polearms
  1578 | D:3      | Reached XP level 6. HP: 19/47 MP: 6/6
  1609 | D:3      | Killed Terence
  1979 | D:4      | Reached XP level 7. HP: 52/52 MP: 7/7
  2067 | D:4      | You fall through a shaft for 3 floors!
  2159 | D:6      | Reached skill level 7 in Polearms
  2238 | D:6      | Found a sparkling altar of Nemelex Xobeh.
  2361 | D:6      | Found a glowing drain.
  2400 | D:6      | Slain by a sky beast

Vault maps used:
D:1:      minmay_arrival_open_corners
D:2:      makhleb_blood_cavern_becter, grunt_ministairs_9,
          minmay_item_behind_shaft
D:3:      chequers_ecumenical_altar_island, minivault_19, uniq_grinder,
          uniq_natasha, uniq_terence
D:4:      lemuel_crystal_altar, first_bread, uniq_eustachio
D:6:      kennysheep_mini_moat, portal_sewer_entry_a, minmay_holes
D:7:      serial_shops, nicolae_shop_overgrown_old_shop, elyvilon_altar_5,
          uniq_crazy_yiuf_cottage

Skill      XL: |  1  2  3  4  5  6  7 |
---------------+----------------------+-----
Polearms       | 2 3 4 6 7 |  7.4
Fighting       | |  3.0
Armour         | |  2.4
Shields        | |  2.4
Evocations     | |  0.2

Action                   |  1- 3 |  4- 6 |  7- 9 || total
-------------------------+-------+-------+-------++-------
Melee: Trident           |   118 |   162 |   110 ||   390
Evoke: Wand              |       |     2 |     2 ||     4
  Use: Scroll            |       |     1 |       ||     1
 Stab: Paralysed         |       |     6 |     9 ||    15
Armor: Scale mail        |    40 |    77 |       ||   117
       Plate armour      |       |       |    52 ||    52
Dodge: Dodged            |    25 |    46 |    10 ||    81
Block: Shield            |    55 |    61 |    40 ||   156

Table legend:
 A = Spawn XP
 B = Non-spawn XP
 C = Spawn XP percentage of total XP
 D = Spawn monster count
 E = Non-spawn monster count
 F = Spawn count percentage of total count
 G = Total turns spent on level
                    A         B        C        D         E        F      G
               +---------+---------+-------+---------+---------+-------+---------
         Total |       6 |    1197 |   0.5 |       5 |      78 |   6.0 |  2400
               +---------+---------+-------+---------+---------+-------+---------
           D:1 |       0 |      30 |   0.0 |       0 |      12 |   0.0 |   556
           D:2 |       2 |     120 |   1.6 |       2 |      27 |   6.9 |   522
           D:3 |       4 |     498 |   0.8 |       3 |      15 |  16.7 |   754
           D:4 |       0 |      88 |   0.0 |       0 |       6 |   0.0 |   235
           D:6 |       0 |     286 |   0.0 |       0 |       9 |   0.0 |   262
           D:7 |       0 |     175 |   0.0 |       0 |       9 |   0.0 |    71
               +---------+---------+-------+---------+---------+-------+---------
